 Dungeon Sprint DCSS version 0.20-a0-809-gaf7f668 (webtiles) character file.

4200000 esc the Conqueror (level 25, -11/234 HPs)
             Began as a Demonspawn Warper on Mar 3, 2017.
             Was the Champion of Makhleb.
             Mangled by a sculptor of flesh
             ... wielding a +9 great sword
              (239 damage)
             ... in the Dungeon (Sprint VIII: "Arena of Blood").
             The game lasted 00:01:54 (42 turns).

esc the Conqueror (Demonspawn Warper)                 Turns: 42, Time: 00:01:55

Health: -11/234    AC: 10    Str: 20    XL:     25   Next: 93%
Magic:  26/54      EV: 30    Int: 17    God:    Makhleb [******]
Gold:   0          SH:  0    Dex: 14    Spells: 78/78 levels left

rFire    + . .     SeeInvis .   l - +∞ Axe of Woe
rCold    + . .     Gourm    .   b - +0 leather armour
rNeg     . . .     Faith    .   (shield currently unavailable)
rPois    .         Spirit   .   (helmet unavailable)
rElec    .         Reflect  .   (no cloak)
rCorr    .         Harm     .   (no gloves)
MR       +....     NoTele   +   (no boots)
Stlth    ++++++++++             (no amulet)
Regen    0.5/turn               (no ring)
MPRegen  0.4/turn               (no ring)

@: no status effects
A: horns 3, molten scales 3, cold resistance 1, foul stench 2, nightstalker 3,
rot immunity, freezing cloud immunity
a: Minor Destruction, Lesser Servant of Makhleb, Major Destruction, Greater
Servant of Makhleb, Renounce Religion


You were in the Dungeon.
You worshipped Makhleb.
Makhleb was exalted by your worship.
You were not hungry.

You visited 1 branch

Inventory:

Hand Weapons
 a - a +0 hand axe
 l - the +∞ Axe of Woe (weapon)
   (You found it in the Dungeon)
Missiles
 e - 5 tomahawks of dispersal {=f}
Armour
 b - a +0 leather armour (worn)
Jewellery
 m - a +30 ring of slaying
   (You took it off an ogre in the Dungeon)
Scrolls
 d - 2 scrolls of blinking {!r}
Potions
 g - a potion of curing
 h - a potion of heal wounds
 i - a potion of haste
 j - 2 potions of magic
 k - a potion of berserk rage {!q}
Books
 c - a book of Spatial Translocations
Comestibles
 f - a bread ration {@e1}


   Skills:
 O Level 27 Fighting
 O Level 27 Axes
 O Level 27 Throwing
 O Level 27 Armour
 O Level 27 Dodging
 O Level 27 Stealth
 O Level 27 Unarmed Combat
 O Level 27 Spellcasting
   Level 2.6 Translocations
 O Level 27 Invocations


You had 78 spell levels left.
You didn't know any spells.

Dungeon Overview and Level Annotations

Branches:
Dungeon (1/1)

Altars:
Makhleb


Innate Abilities, Weirdness & Mutations

You have a pair of large horns on your head.
You are completely covered in molten scales. (AC +4, rF+)
Your flesh is cold resistant. (rC+)
You frequently emit foul miasma when damaged in melee.
You are completely attuned to the shadows.
You are immune to rotting.
You are immune to freezing clouds.


Message History

You slice The Servant!!
You dissect The Servant like a pig carcass.
You kill The Servant!
Makhleb accepts your kill.
You chop the bag of meat into pieces!!!
You hew the bag of meat savagely.
You kill the bag of meat!
Makhleb accepts your kill.
You slice the bag of meat!! You chop the bag of meat into pieces.
You kill the bag of meat!
Makhleb accepts your kill.
You feel better.
You hear a shout!
The destroyer is engulfed in blazing flames.
The bag of meat is engulfed in blazing flames. x2
You hear a shout!
The destroyer blinks!
A bag of meat comes into view. It is wielding a +9 war axe.
You regained 104 hp, and now have 196/227 hp.
Unknown command.
You slice the destroyer!!
You dissect the destroyer like a pig carcass.
You destroy the destroyer!
Makhleb accepts your kill.
You have reached level 25!
Your demonic ancestry asserts itself...
You are surrounded by darkness.
You slice the destroyer!!
You hew the destroyer savagely.
You destroy the destroyer!
Makhleb accepts your kill.
You feel better.
You slice the bag of meat!!
You hew the bag of meat savagely.
You kill the bag of meat!
Makhleb accepts your kill.
You hear a shout! x3
The large bag of meat is engulfed in blazing flames.
You hear a shout! x3
The bag of meat is engulfed in blazing flames.
You hear a shout!
Health restored: 234 Unknown command.
A sculptor of flesh comes into view. It is wielding a +9 great sword.
You hear a shout! x4
The meat berserker is engulfed in blazing flames.
You hear a shout! x2
The sculptor of flesh moves out of view.
You hear a shout! x3
The bag of meat is engulfed in blazing flames.
You hear a shout! x2
The bag of meat is engulfed in blazing flames.
You hear a shout!
The bag of meat hits you with a +9 war axe.
The bag of meat looks sick.
You hear a shout! x2
Things that are here:
a +9 glaive of flaming; a +130 ring of slaying You take 6 damage, and have 228/234 hp.
You hear a shout! x6
The eight-headed meat hydra is engulfed in blazing flames.
You hear a shout! x2
The bag of meat is engulfed in blazing flames. x2
You hear a shout!
The meat berserker hits you with a +9 battleaxe!!!
You hear a shout!
You take 57 damage, and have 171/234 hp.
MASSIVE DAMAGE!!
Unknown command.
Unknown command.
You slice the large bag of meat!!
You fatally mangle the large bag of meat.
The large bag of meat explodes!
The fiery explosion engulfs you! You resist.
The fiery explosion engulfs the sculptor of flesh.
The fiery explosion engulfs the eight-headed meat hydra.
Makhleb accepts your kill.
You feel better.
You lop one of the eight-headed meat hydra's heads off!
The seven-headed meat hydra grows two more!
You slice the nine-headed meat hydra!!
You dissect the nine-headed meat hydra like a pig carcass.
You kill the nine-headed meat hydra!
Makhleb accepts your kill.
You feel better.
You slash the meat berserker!
You slaughter the meat berserker joyfully.
You kill the meat berserker!
Makhleb accepts your kill.
You slice the bag of meat!!
You butcher the bag of meat messily.
You kill the bag of meat!
Makhleb accepts your kill.
You are engulfed in blazing flames.
You resist.
You hear a shout! x14; You hear two shouts!
You hear a shout! x2
The bag of meat is engulfed in blazing flames.
You hear a shout! x2
The bag of meat is engulfed in blazing flames.
An orc and a skeletal warrior come into view.
You regained 57 hp, and now have 228/234 hp.
Unknown command.
Unknown command.
You hear a shout! x5
The sculptor of flesh hits you with a +9 great sword!!!!!
Ouch! That really hurt!
You die...

. .O..#....)........
.. ....#....))o).§.##
.. ....###.)§)§...V..
..###.......§)§o))###.
..._......))§o§oDD§...
#.....#..).).o#O#§§...
#_.<._#..))..).oo§§...
#.....#......#)#o#....
..._.)........)O@z.z..
..###.........#§#§#..#
.. ....###..........
.......# ............
.......# ..o.......#
........ .... ........


You could see an eight-headed meat hydra, 2 sculptors of flesh, a large bag of
meat (inner flame), a meat berserker (berserk) and 5 bags of meat.

Vanquished Creatures
  Harold (D)
  5 vampire knights (D)
  14 ogres (D)
  3 two-headed ogres (D)
  A hydra (D)
  21 orcs (D)
45 creatures vanquished.

Notes
Turn   | Place    | Note
-------+----------+-------------------------------------------
     0 | D        | esc the Demonspawn Warper began the quest for the Orb.
     0 | D        | Reached XP level 1. HP: 16/16 MP: 3/3
     4 | D        | Became a worshipper of Makhleb the Destroyer
     5 | D        | Noticed a meat berserker
     5 | D        | Noticed a meat berserker
     6 | D        | Killed a meat berserker
     6 | D        | Reached skill level 16 in Fighting
     6 | D        | Reached skill level 15 in Axes
     6 | D        | Reached skill level 15 in Armour
     6 | D        | Reached skill level 15 in Dodging
     6 | D        | Gained mutation: You are partially covered in molten scales. (AC +2) [demonic ancestry]
     6 | D        | Reached XP level 2. HP: 46/46 MP: 5/5
     6 | D        | Reached XP level 3. HP: 52/52 MP: 6/6
     6 | D        | Reached XP level 4. HP: 59/59 MP: 7/7
     6 | D        | Gained mutation: You are immune to rotting. [demonic ancestry]
     6 | D        | Reached XP level 5. HP: 66/66 MP: 8/8
     6 | D        | Gained mutation: You are mostly covered in molten scales. (AC +3) [demonic ancestry]
     6 | D        | Reached XP level 6. HP: 73/73 MP: 9/9
     6 | D        | Reached XP level 7. HP: 79/79 MP: 10/10
     6 | D        | Reached XP level 8. HP: 86/86 MP: 11/11
     6 | D        | Gained mutation: You have a pair of small horns on your head. [demonic ancestry]
     6 | D        | Reached XP level 9. HP: 92/92 MP: 12/12
     6 | D        | Reached XP level 10. HP: 100/100 MP: 13/13
     6 | D        | Gained mutation: You are slightly more attuned to the shadows. [demonic ancestry]
     6 | D        | Reached XP level 11. HP: 106/106 MP: 14/14
     6 | D        | Reached XP level 12. HP: 113/113 MP: 15/15
     6 | D        | Reached XP level 13. HP: 119/119 MP: 16/16
     8 | D        | Killed a meat berserker
     8 | D        | Reached * piety under Makhleb
     8 | D        | Reached skill level 19 in Fighting
     8 | D        | Reached skill level 18 in Axes
     8 | D        | Reached skill level 18 in Armour
     8 | D        | Reached skill level 18 in Dodging
     8 | D        | Gained mutation: You have a pair of horns on your head. [demonic ancestry]
     8 | D        | Reached XP level 14. HP: 56/133 MP: 17/17
    11 | D        | Noticed a bag of meat
    13 | D        | Noticed a meat berserker
    13 | D        | Noticed a bag of meat
    13 | D        | Noticed a meat berserker
    15 | D        | Noticed a bag of meat
    15 | D        | Noticed a meat berserker
    16 | D        | Noticed a meat berserker
    16 | D        | Noticed a meat berserker
    16 | D        | Killed a meat berserker
    16 | D        | Reached skill level 21 in Fighting
    16 | D        | Reached skill level 19 in Axes
    16 | D        | Reached skill level 19 in Armour
    16 | D        | Reached skill level 19 in Dodging
    16 | D        | Gained mutation: You may emit foul miasma when damaged in melee. [demonic ancestry]
    16 | D        | Reached XP level 15. HP: 119/144 MP: 18/18
    16 | D        | Killed a meat berserker
    16 | D        | Reached skill level 22 in Fighting
    16 | D        | Reached skill level 21 in Axes
    16 | D        | Reached skill level 21 in Armour
    16 | D        | Reached skill level 21 in Dodging
    17 | D        | Reached ** piety under Makhleb
    17 | D        | Reached skill level 23 in Fighting
    17 | D        | Reached skill level 22 in Axes
    17 | D        | Reached skill level 22 in Armour
    17 | D        | Reached skill level 22 in Dodging
    17 | D        | Reached XP level 16. HP: 157/157 MP: 19/19
    17 | D        | Killed a meat berserker
    17 | D        | Reached skill level 24 in Fighting
    17 | D        | Reached skill level 23 in Axes
    17 | D        | Reached skill level 23 in Armour
    17 | D        | Reached skill level 23 in Dodging
    18 | D        | Killed a meat berserker
    18 | D        | Reached skill level 26 in Fighting
    18 | D        | Reached skill level 24 in Axes
    18 | D        | Reached skill level 24 in Armour
    18 | D        | Reached skill level 24 in Dodging
    18 | D        | Gained mutation: You have a pair of large horns on your head. [demonic ancestry]
    18 | D        | Reached XP level 17. HP: 171/171 MP: 20/20
    19 | D        | Noticed a meat berserker
    19 | D        | Killed a meat berserker
    19 | D        | Reached *** piety under Makhleb
    19 | D        | Reached skill level 27 in Fighting
    19 | D        | Reached skill level 25 in Axes
    19 | D        | Reached skill level 25 in Armour
    19 | D        | Reached skill level 25 in Dodging
    19 | D        | Reached skill level 26 in Axes
    19 | D        | Reached skill level 26 in Armour
    19 | D        | Reached skill level 26 in Dodging
    19 | D        | Gained mutation: You are completely covered in molten scales. (AC +4, rF+) [demonic ancestry]
    19 | D        | Reached XP level 18. HP: 182/182 MP: 21/21
    20 | D        | Noticed a meat berserker
    21 | D        | Noticed a destroyer
    22 | D        | Reached skill level 27 in Axes
    22 | D        | Reached skill level 27 in Armour
    22 | D        | Reached skill level 27 in Dodging
    22 | D        | Reached skill level 1 in Throwing
    22 | D        | Reached skill level 1 in Stealth
    22 | D        | Reached skill level 1 in Unarmed Combat
    22 | D        | Reached skill level 1 in Invocations
    22 | D        | Reached **** piety under Makhleb
    22 | D        | Reached skill level 6 in Throwing
    22 | D        | Reached skill level 6 in Stealth
    22 | D        | Reached skill level 6 in Unarmed Combat
    22 | D        | Reached skill level 6 in Spellcasting
    22 | D        | Reached skill level 8 in Invocations
    22 | D        | Reached skill level 8 in Throwing
    22 | D        | Reached skill level 9 in Stealth
    22 | D        | Reached skill level 8 in Unarmed Combat
    22 | D        | Reached skill level 9 in Spellcasting
    22 | D        | Reached skill level 12 in Invocations
    22 | D        | Reached skill level 10 in Throwing
    22 | D        | Reached skill level 11 in Stealth
    22 | D        | Reached skill level 10 in Unarmed Combat
    22 | D        | Reached skill level 10 in Spellcasting
    22 | D        | Reached skill level 14 in Invocations
    22 | D        | Gained mutation: You are significantly more attuned to the shadows. [demonic ancestry]
    22 | D        | Reached XP level 19. HP: 189/189 MP: 21/33
    24 | D        | Noticed a large bag of meat
    24 | D        | Noticed a destroyer
    24 | D        | Killed a destroyer
    24 | D        | Reached skill level 14 in Throwing
    24 | D        | Reached skill level 15 in Stealth
    24 | D        | Reached skill level 14 in Unarmed Combat
    24 | D        | Reached skill level 14 in Spellcasting
    24 | D        | Reached skill level 19 in Invocations
    24 | D        | Reached ***** piety under Makhleb
    24 | D        | Reached skill level 15 in Throwing
    24 | D        | Reached skill level 16 in Stealth
    24 | D        | Reached skill level 15 in Unarmed Combat
    24 | D        | Reached skill level 15 in Spellcasting
    24 | D        | Reached skill level 20 in Invocations
    25 | D        | Noticed a destroyer
    25 | D        | Noticed a meat berserker
    26 | D        | Killed a meat berserker
    26 | D        | Reached skill level 17 in Throwing
    26 | D        | Reached skill level 18 in Stealth
    26 | D        | Reached skill level 17 in Unarmed Combat
    26 | D        | Reached skill level 17 in Spellcasting
    26 | D        | Reached skill level 22 in Invocations
    26 | D        | Reached XP level 20. HP: 197/197 MP: 21/41
    26 | D        | Killed a destroyer
    26 | D        | Reached skill level 19 in Throwing
    26 | D        | Reached skill level 20 in Stealth
    26 | D        | Reached skill level 19 in Unarmed Combat
    26 | D        | Reached skill level 19 in Spellcasting
    26 | D        | Reached skill level 25 in Invocations
    26 | D        | Reached skill level 21 in Stealth
    27 | D        | Noticed a meat berserker
    27 | D        | Noticed a meat berserker
    27 | D        | Noticed a large bag of meat
    28 | D        | Killed a meat berserker
    28 | D        | Reached skill level 21 in Throwing
    28 | D        | Reached skill level 22 in Stealth
    28 | D        | Reached skill level 21 in Unarmed Combat
    28 | D        | Reached skill level 21 in Spellcasting
    28 | D        | Reached skill level 27 in Invocations
    28 | D        | Gained mutation: Your flesh is cold resistant. (rC+) [demonic ancestry]
    28 | D        | Reached XP level 21. HP: 155/204 MP: 22/46
    28 | D        | Killed a large bag of meat
    28 | D        | Reached skill level 22 in Throwing
    28 | D        | Reached skill level 23 in Stealth
    28 | D        | Reached skill level 22 in Unarmed Combat
    28 | D        | Reached skill level 22 in Spellcasting
    28 | D        | Reached skill level 23 in Throwing
    28 | D        | Reached skill level 25 in Stealth
    28 | D        | Reached skill level 23 in Unarmed Combat
    28 | D        | Reached skill level 23 in Spellcasting
    28 | D        | Reached skill level 24 in Throwing
    28 | D        | Reached skill level 24 in Unarmed Combat
    28 | D        | Reached skill level 24 in Spellcasting
    29 | D        | Noticed a destroyer
    30 | D        | HP: 29/204 [destroyer/+9 great sword of slicing (132)]
    31 | D        | Reached skill level 25 in Throwing
    31 | D        | Reached skill level 27 in Stealth
    31 | D        | Reached skill level 25 in Unarmed Combat
    31 | D        | Reached skill level 25 in Spellcasting
    31 | D        | Reached XP level 22. HP: 109/212 MP: 23/51
    31 | D        | Killed a destroyer
    31 | D        | Reached ****** piety under Makhleb
    31 | D        | Reached skill level 27 in Throwing
    31 | D        | Reached skill level 27 in Unarmed Combat
    31 | D        | Reached skill level 27 in Spellcasting
    31 | D        | Killed a large bag of meat
    32 | D        | Noticed The Servant
    33 | D        | Gained mutation: You frequently emit foul miasma when damaged in melee. [demonic ancestry]
    33 | D        | Reached XP level 23. HP: 219/219 MP: 23/54
    34 | D        | Noticed a large bag of meat
    34 | D        | Noticed a destroyer
    35 | D        | Noticed a large bag of meat
    36 | D        | Noticed a destroyer
    37 | D        | Gained mutation: You are immune to freezing clouds. [demonic ancestry]
    37 | D        | Reached XP level 24. HP: 154/227 MP: 24/54
    37 | D        | Killed The Servant
    38 | D        | Killed a destroyer
    38 | D        | Gained mutation: You are completely attuned to the shadows. [demonic ancestry]
    38 | D        | Reached XP level 25. HP: 202/234 MP: 25/54
    38 | D        | Killed a destroyer
    41 | D        | Killed a large bag of meat
    42 | D        | Mangled by a sculptor of flesh

Vault maps used:
D:        meatsprint

Skill      XL: |  1  2  3  4  5  6  7  8  9 10 11 12 13 14 15 16 17 18 19 20 21 22 |
---------------+-------------------------------------------------------------------+-----
Fighting       | 16 19 21 23 26 27 | 27.0
Axes           | 15 18 19 22 24 26 27 | 27.0
Armour         | 15 18 19 22 24 26 27 | 27.0
Dodging        | 15 18 19 22 24 26 27 | 27.0
Throwing       | 10 17 21 25 27 | 27.0
Stealth        | 11 18 22 27 | 27.0
Unarmed Combat | 10 17 21 25 27 | 27.0
Invocations    | 14 22 27 | 27.0
Spellcasting   | 10 17 21 25 27 | 27.0
Translocations | |  2.6

Action                   |  1- 3 |  4- 6 |  7- 9 | 10-12 | 13-15 | 16-18 | 19-21 | 22-24 | 25-27 || total
-------------------------+-------+-------+-------+-------+-------+-------+-------+-------+-------++-------
Melee: Executioner's axe |     1 |       |       |       |     3 |     3 |     4 |     5 |     1 ||    17
Armor: Leather armour    |       |       |       |       |       |     1 |     1 |       |       ||     2
Dodge: Dodged            |       |       |       |       |       |     1 |       |     1 |       ||     2

Vault maps used:
D:        meatsprint

Table legend:
 A = Turns spent in this place as a percentage of turns spent in the entire game.
 B = Non-inter-level travel turns spent in this place as a percentage of non-inter-level travel turns spent in the entire game.
 C = Inter-level travel turns spent in this place as a percentage of turns spent in this place.
 D = Turns resting spent in this place as a percentage of non-inter-level travel turns spent in this place.
 E = Turns spent auto-exploring this place as a percentage of non-inter-level travel turns spent in this place.
 F = Non-inter-level travel turns spent in this place divided by the number of levels of this place that you've seen.
                   A       B       C       D       E      F
               +-------+-------+-------+-------+-------+----------------------
         Total | 100.0 | 100.0 |   0.0 |   0.0 |   0.0 |  88.0
       Dungeon | 100.0 | 100.0 |   0.0 |   0.0 |   0.0 |  88.0
               +-------+-------+-------+-------+-------+----------------------

Table legend:
 A = Kills in this place as a percentage of kills in entire the game.
 B = Kills by you in this place as a percentage of kills by you in the entire game.
 C = Kills by friends in this place as a percentage of kills by friends in the entire game.
 D = Other kills in this place as a percentage of other kills in the entire game.
 E = Experience gained in this place as a percentage of experience gained in the entire game.
 F = Experience gained in this place divided by the number of levels of this place that you have seen.
                   A       B       C       D       E      F
               +-------+-------+-------+-------+-------+----------------------
         Total | 100.0 | 100.0 |  -nan |  -nan | 100.0 | 1305175.0
       Dungeon | 100.0 | 100.0 |  -nan |  -nan | 100.0 | 1305175.0
               +-------+-------+-------+-------+-------+----------------------
